AoeStats
← OmarGutieG

Arabia

504780930Analyzed
2v2 RM · 26d ago on Sep 6, 2026· 16m 27s· 4 players
Game mode
Random Map
Map size
Medium (4 player)
Population
200
Speed
Normal
Resources
Standard
Victory
Conquest
Starting age
Dark Age
Ending age
Imperial Age
RankedLock teamsTeams togetherTeam positionsShared explorationLock speedFull tech treeHidden civsTurbo modeCheats
Victory
Defeat
🇲🇽 Magyars · Mexico
1266
+17
🇲🇽 Ethiopians · Mexico
1254
+18
🇨🇭 Spanish · Switzerland
1313
-18
🇦🇷 Italians · Argentina
1272
-17
armigame1
6:07 Loom
9:13 Feudal Age
OmarGutieG
5:15 Loom
7:30 Loom
9:15 Feudal Age
15:06 Fletching
U 99
6:53 Loom
9:43 Feudal Age
13:03 Fletching
Nitsuga
6:32 Loom
8:57 Feudal Age
12:50 Double-Bit Axe
Connection lost

Rejoining the realm…

Still unreachable

The connection could not be restored.

Session expired

The server has moved on; the page needs a fresh start.